 Dungeon Sprint DCSS version 0.31-a0-981-geadf994542 (webtiles) character file.

Game seed: 3550766692901895496

6050 Conn the Destroyer (level 10, -18/56 HPs)
             Began as an Octopode Fire Elementalist on Nov 1, 2023.
             Was a High Priest of Sif Muna.
             Shot with a bolt by a yaktaur captain (20 damage)
             ... in the Dungeon (Sprint II: "The Violet Keep of Menkaure").
             The game lasted 00:29:10 (2185 turns).

Conn the Destroyer (Octopode Fire Elementalist)     Turns: 2185, Time: 00:29:11

Health: -18/56     AC:  3    Str: 14    XL:     10   Next: 87%
Magic:  0/27       EV: 16    Int: 21    God:    Sif Muna [*****.]
Gold:   54         SH:  0    Dex: 13    Spells: 6/36 levels left

rFire   + + .        b - +6 trident of Aruroz {freeze, rElec rF++}
rCold   + . .        (no shield)
rNeg    . . .        c - +2 hat
rPois   .            l - amulet of guardian spirit
rElec   +            j - +6 ring of strength
rCorr   .            h - ring of protection from cold
SInv    .            (no ring)
Will    .....        (no ring)
Stlth   ++++         (no ring)
HPRegen 0.29/turn    (no ring)
MPRegen 0.20/turn    (no ring)
                     (no ring)

%: no teleportation, guardian spirit
@: hasted, very quick
A: almost no armour, amphibious, 8 rings, camouflage 1, gelatinous body 1,
(nimble swimmer 1), tentacles
a: Renounce Religion, Channel Magic, Forget Spell, Divine Exegesis


You were in the Dungeon.
You worshipped Sif Muna.
Sif Muna was extremely pleased with you.
You visited 1 branch You collected 1551 gold pieces.
You spent 1497 gold pieces at shops.

Inventory:

Hand Weapons
 b - the +6 trident of Aruroz (weapon) {freeze, rElec rF++}
   (You bought it in a shop in the Dungeon)

   rF++:      It greatly protects you from fire.
   rElec:     It insulates you from electricity.
 e - the +4 dagger of the Abyss {pain, rElec Dex+2 Stlth+}
   (You bought it in a shop in the Dungeon)

   Dex+2:     It affects your dexterity (+2).
   rElec:     It insulates you from electricity.
   Stlth+:    It makes you more stealthy.
Missiles
 v - 3 poisoned darts (quivered)
Armour
 c - a +2 hat (worn)
Jewellery
 g - an amulet of faith
 h - a ring of protection from cold (right tentacle)
 j - a +6 ring of strength (left tentacle)
 l - an amulet of guardian spirit (around mantle)
Scrolls
 t - a scroll of amnesia
Potions
 a - 3 potions of magic
 i - 3 potions of enlightenment
 n - 2 potions of resistance


   Skills:
 - Level 8.0 Dodging
 - Level 5.0 Stealth
 * Level 13.8 Spellcasting
 + Level 14.7 Conjurations
 * Level 3.7 Hexes
 * Level 0.0 Summonings
 + Level 10.9 Fire Magic
 + Level 0.0 Air Magic
 + Level 0.0 Earth Magic
 + Level 0.0 Poison Magic
 * Level 5.9 Invocations


You had 6 spell levels left.
You knew the following spells:

 Your Spells              Type           Power      Damage    Failure   Level
a - Foxfire               Conj/Fire      100%       2x1d9     1%          1
b - Scorch                Fire           100%       2d9       1%          2
c - Inner Flame           Hex/Fire       45%        N/A       1%          3
d - Flame Wave            Conj/Fire      62%        2d14      1%          4
e - Volatile Blastmotes   Fire/Tloc      74%        2d16      1%          3
f - Stone Arrow           Conj/Erth      90%        3d12      1%          3
g - Brom's Barrelling Bo  Conj/Erth      45%        2d6       1%          4
h - Mephitic Cloud        Conj/Pois/Air  35%        N/A       1%          3
i - Summon Guardian Gole  Hex/Summ       22%        N/A       6%          3
j - Summon Small Mammal   Summ           56%        N/A       4%          1
k - Call Canine Familiar  Summ           14%        N/A       13%         3

Your spell library contained the following spells:

 Spells                   Type           Power      Damage    Failure   Level
 Sandblast                Erth           28%        2d8       4%          1
 Cigotuvi's Dreadful Rot  Necr/Pois/Air  28%        N/A       7%          2
 Passwall                 Tmut/Erth      11%        N/A       7%          2
 Poisonous Vapours        Pois/Air       28%        N/A       7%          2
 Freezing Cloud           Conj/Ice/Air   17%        6-21      16%         5
 Dispel Undead            Necr           14%        3d10      41%         4
 Death Channel            Necr           7%         N/A       100%        6


Dungeon Overview and Level Annotations

Branches:
Dungeon (1/1)

Altars:
Cheibriados
Dithmenos
Elyvilon
Fedhas
Gozag
Hepliaklqana
Kikubaaqudgha
Makhleb
Nemelex Xobeh
Okawaru
Qazlal
Ru
Sif Muna
Trog
Uskayaw
Vehumet
Wu Jian
Xom
Yredelemnul
Zin
The Shining One
Jiyva
Lugonu

Shops:
D !::[!=[!=?((?[:

Annotations:
D exclusion: oklob plant, Roxanne


Innate Abilities, Weirdness & Mutations

You cannot wear most types of armour.
You are amphibious.
You can wear up to eight rings at the same time.
Your skin changes colour to match your surroundings (Stealth+).
Your rubbery body absorbs attacks. (AC +1, EV +1)
((You are camouflaged when in or above water. (Stealth+)))
You have tentacles for arms and can constrict up to eight enemies at once.


Message History

You send a boulder barrelling forward!
The cacodemon hits your boulder. The cacodemon hits your boulder!!
Casting: Brom's Barrelling Boulder (dangerous; 1% risk of failure)
Confirm with . or Enter, or press ? or * to list all spells.
Okay, then.
Casting: Brom's Barrelling Boulder (dangerous; 1% risk of failure)
Confirm with . or Enter, or press ? or * to list all spells.
Aiming: Inner Flame (safe; 1% risk of failure)
Press: ? - help, Dir - move target, f/p - cacodemon
Aim: a cacodemon (lightly wounded, ally target, chance to affect: 2%)
Okay, then.
Unknown command.
Unknown command.
Unknown command.
Unknown command.
Unknown command.
Unknown command.
Unknown command.
Unknown command.
Unknown command.
Unknown command.
Casting: Inner Flame (safe; 1% risk of failure)
Confirm with . or Enter, or press ? or * to list all spells.
Okay, then.
You feel yourself speed up.
The boulder barrels into the cacodemon!
The cacodemon is lightly wounded.
Your boulder is destroyed!
Okay, then.
Okay, then.
Unknown command.
Unknown command.
You open the door. The cacodemon gestures at you. The bolt of energy hits you!
* * * LOW HITPOINT WARNING * * *
The frost giant attacks as it pursues you!
The frost giant misses you.
There is an open door here.
The yaktaur captain shoots a bolt.
The bolt hits you!!
You die...

...~##≈≈≈≈○≈§# #...▓≈§≈≈
###~~#+++#+++## #[=▓▓▓▓▓
##§~§.........# #[)▓.(.)
..§C§~.##'##..# #))▓[.([
.#29§~##.#.##.#### +.##.#::▓(..)
.#D~h~#.###.#....# ...####▓.)..
.#§~####.#.#..#..## #.^##.#▓.().
.#~##.###)#...##..# +..#..#▓....
.#~#...##...2..#@.# #..#..#▓....
.'2'##.'.<.'.#C'..####..##.#▓)[).
..~....#..##.).#....###...##▓▓▓▓▓
#.~#D.#..'###.##......~~~~~÷~~~~~
##)~...##.#..##~§.§...~#'########
##~C~...#.D#~~~§§~~..~#_._._...#
+ #'#~...#.##~~§§§~~~c~#._._._._#
≈##.#~~.§§##~~~§≈§~§~~~#_._._._.#
≈≈####~~§§§~~~~§§§≈≈~~~#._._._._#


You could see a bone dragon (wandering), a frost giant and a yaktaur captain.

Vanquished Creatures
  A centaur warrior (D)
  A skeletal warrior (D)
  2 deep trolls (D)
  A merfolk siren (D)
  An elephant (D)
  A yaktaur (D)
  A kobold demonologist (D)
  3 polar bears (D)
  A hornet (D)
  2 wyverns (D)
  Menkaure (D)
  4 water moccasins (D)
  4 necrophages (D)
  4 scorpions (D)
  A hell rat (D)
  A spectral ball python (D)
29 creatures vanquished.

Vanquished Creatures (collateral kills)
  2 boulders (D)
2 creatures vanquished.

Vanquished Creatures (others)
  Kirke (D)
  A spectral quokka (D)
  4 boulders (D)
  57 foxfires (D)
  12 tentacles (D)
75 creatures vanquished.

Grand Total: 106 creatures vanquished

Notes
Turn   | Place    | Note
-------+----------+-------------------------------------------
     0 | D        | Conn the Octopode Fire Elementalist began the quest for the
                  | Orb.
     0 | D        | Reached XP level 1. HP: 11/11 MP: 3/3
     1 | D        | Noticed a necrophage
     1 | D        | Noticed a necrophage
     1 | D        | Noticed a necrophage
     1 | D        | Noticed a necrophage
     8 | D        | Killed a necrophage
     9 | D        | Reached skill level 3 in Conjurations
     9 | D        | Reached XP level 2. HP: 17/17 MP: 1/7
     9 | D        | Reached XP level 3. HP: 21/21 MP: 1/8
     9 | D        | Reached XP level 4. HP: 27/27 MP: 1/10
    11 | D        | Killed a necrophage
    12 | D        | Reached skill level 5 in Stealth
    12 | D        | Reached skill level 5 in Spellcasting
    12 | D        | Reached skill level 5 in Conjurations
    12 | D        | Reached XP level 5. HP: 31/31 MP: 1/12
    20 | D        | Reached skill level 6 in Conjurations
    20 | D        | Reached skill level 5 in Fire Magic
    25 | D        | Reached skill level 5 in Dodging
    25 | D        | Reached XP level 6. HP: 24/36 MP: 1/15
    36 | D        | Learned a level 2 spell: Scorch
    40 | D        | Learned a level 3 spell: Inner Flame
    45 | D        | Learned a level 4 spell: Flame Wave
    50 | D        | Found Musi's Book Emporium.
    50 | D        | Found Usifanal's Antique Weapon Shoppe.
    50 | D        | Found Nozohu's Antique Armour Shoppe.
    50 | D        | Found Osiohi's Weapon Emporium.
    51 | D        | Found Haqiatsetz's Magic Scroll Emporium.
    51 | D        | Found Vuzi's Jewellery Shoppe.
    51 | D        | Found Dighotul's Distillery.
    51 | D        | Found Ziarorapn's Antique Armour Shoppe.
    52 | D        | Found Umamat's Jewellery Emporium.
    52 | D        | Found Ekhlej's Distillery.
    52 | D        | Found Taggevoc's Antique Armour Shoppe.
    52 | D        | Noticed a yak
    53 | D        | Found Jieloq's Magic Scroll Emporium.
    54 | D        | Found Efaneur's Book Emporium.
    54 | D        | Noticed Menkaure
    54 | D        | Noticed a yak
    54 | D        | Noticed a yak
    54 | D        | Noticed an oklob plant
    56 | D        | Noticed a death yak
    64 | D        | Found Uloalop's Distillery.
    64 | D        | Found Qunt's Book Shoppe.
    70 | D        | Killed Menkaure
    71 | D        | Reached skill level 7 in Conjurations
    73 | D        | Noticed a water moccasin
    73 | D        | Noticed a water moccasin
    74 | D        | Noticed a water moccasin
    83 | D        | Bought a bone dagger for 175 gold pieces
    83 | D        | Identified the +4 dagger of the Abyss {pain, rElec Dex+2
                  | Stlth+} (You bought it in a shop in the Dungeon)
    96 | D        | Noticed a water moccasin
   107 | D        | Noticed Roxanne
   118 | D        | Killed a water moccasin
   119 | D        | Found an iron altar of Okawaru.
   119 | D        | Found an opulent altar of Gozag.
   120 | D        | Found a sparkling altar of Nemelex Xobeh.
   120 | D        | Found a blossoming altar of Fedhas.
   121 | D        | Found a radiant altar of Vehumet.
   121 | D        | Found a burning altar of Makhleb.
   121 | D        | Found a white marble altar of Elyvilon.
   122 | D        | Found a hide-covered altar of Uskayaw.
   122 | D        | Found a corrupted altar of Lugonu.
   122 | D        | Found a shadowy altar of Dithmenos.
   123 | D        | Found a glowing silver altar of Zin.
   123 | D        | Found a bloodstained altar of Trog.
   123 | D        | Found an ancient bone altar of Kikubaaqudgha.
   124 | D        | Found a basalt altar of Yredelemnul.
   124 | D        | Found a shimmering blue altar of Sif Muna.
   124 | D        | Found a viscous altar of Jiyva.
   125 | D        | Found a shimmering altar of Xom.
   125 | D        | Found a sacrificial altar of Ru.
   127 | D        | Found a glowing golden altar of the Shining One.
   127 | D        | Found an ornate altar of the Wu Jian Council.
   127 | D        | Found a stormy altar of Qazlal.
   127 | D        | Found a snail-covered altar of Cheibriados.
   127 | D        | Found a hazy altar of Hepliaklqana.
   130 | D        | Noticed a water moccasin
   131 | D        | Noticed a water moccasin
   133 | D        | Became a worshipper of Sif Muna the Loreminder
   145 | D        | Noticed a water moccasin
   146 | D        | Noticed a kraken
   155 | D        | Killed a water moccasin
   156 | D        | Reached skill level 8 in Conjurations
   156 | D        | Reached XP level 7. HP: 31/41 MP: 4/18
   371 | D        | Learned a level 3 spell: Volatile Blastmotes
   407 | D        | Reached * piety under Sif Muna
   408 | D        | Reached skill level 9 in Conjurations
   534 | D        | Noticed a deep troll
   534 | D        | Noticed a deep troll
   536 | D        | Noticed a flying skull
   537 | D        | Noticed a flying skull
   537 | D        | Noticed a flying skull
   537 | D        | Noticed a flying skull
   537 | D        | Noticed a flying skull
   537 | D        | Noticed a flying skull
   546 | D        | Killed a deep troll
   547 | D        | Reached skill level 10 in Spellcasting
   547 | D        | Reached skill level 10 in Conjurations
   547 | D        | Reached XP level 8. HP: 46/46 MP: 8/22
   569 | D        | Killed a deep troll
   570 | D        | Reached skill level 11 in Conjurations
   570 | D        | Reached XP level 9. HP: 51/51 MP: 0/23
   784 | D        | Noticed a yaktaur
   784 | D        | Noticed a hornet
   784 | D        | Noticed a polar bear
   787 | D        | Noticed a polar bear
   794 | D        | Killed a polar bear
   794 | D        | Reached ** piety under Sif Muna
   797 | D        | Killed a polar bear
   798 | D        | Reached skill level 12 in Conjurations
   927 | D        | Killed a yaktaur
  1076 | D        | Killed a hornet
  1141 | D        | Noticed a polar bear
  1165 | D        | Killed a polar bear
  1165 | D        | Reached *** piety under Sif Muna
  1166 | D        | Reached skill level 13 in Conjurations
  1250 | D        | Noticed a merfolk siren
  1253 | D        | Killed a merfolk siren
  1267 | D        | Reached skill level 10 in Fire Magic
  1267 | D        | Reached XP level 10. HP: 56/56 MP: 14/26
  1268 | D        | Reached **** piety under Sif Muna
  1423 | D        | Noticed Kirke
  1423 | D        | Noticed a yaktaur captain
  1423 | D        | Noticed a kobold demonologist
  1452 | D        | Noticed a centaur warrior
  1453 | D        | Reached ***** piety under Sif Muna
  1457 | D        | Noticed an elephant
  1460 | D        | Killed a centaur warrior
  1461 | D        | Reached skill level 14 in Conjurations
  1461 | D        | Reached skill level 1 in Hexes
  1462 | D        | Killed an elephant
  1462 | D        | Received a gift from Sif Muna
  1468 | D        | Learned a level 3 spell: Stone Arrow
  1473 | D        | Learned a level 4 spell: Brom's Barrelling Boulder
  1595 | D        | Noticed a manticore
  1613 | D        | Killed Kirke
  1634 | D        | HP: 2/56 [something (11)]
  1834 | D        | Noticed a skeletal warrior
  1851 | D        | Killed a skeletal warrior
  1852 | D        | Reached skill level 5 in Invocations
  1976 | D        | Killed a kobold demonologist
  2073 | D        | Bought a book of Callings for 260 gold pieces
  2075 | D        | Bought a book of Vapours for 338 gold pieces
  2079 | D        | Learned a level 3 spell: Mephitic Cloud
  2083 | D        | Learned a level 3 spell: Summon Guardian Golem
  2085 | D        | Learned a level 1 spell: Summon Small Mammal
  2089 | D        | Learned a level 3 spell: Call Canine Familiar
  2098 | D        | Bought a transparent trident for 212 gold pieces
  2098 | D        | Identified the +6 trident of Aruroz {freeze, rElec rF++}
                  | (You bought it in a shop in the Dungeon)
  2103 | D        | Bought a runed hat for 147 gold pieces
  2119 | D        | Bought a ring of protection from cold for 275 gold pieces
  2121 | D        | Bought a scroll of enchant armour for 90 gold pieces
  2133 | D        | Noticed a cacodemon
  2136 | D        | Noticed a bone dragon
  2136 | D        | Noticed a storm dragon
  2149 | D        | Noticed a frost giant
  2176 | D        | HP: 2/56 [frost giant/bolt of cold (15)]
  2183 | D        | HP: 1/56 [disintegration (2)]
  2185 | D        | Shot with a bolt by a yaktaur captain

Illustrated notes

Levels and vault maps discovered:
D:        the_violet_keep_of_menkaure [sprint2_stairs_cluster_1,
          sprint2_shoproom, sprint2_temple, sprint2_basic_supplies,
          sprint2_obstacle_6, sprint2_obstacle_3, sprint2_obstacle_5,
          sprint2_obstacle_4, sprint2_obstacle_7, sprint2_timed_cluster_1,
          sprint2_smallroom_cluster_1, sprint2_smallroom_final_cluster_1,
          sprint2_transparent_cluster_1, sprint2_second_timed_cluster_1,
          sprint2_sniper_area_1, sprint2_heavy_combat_area_1,
          sprint2_mutation_trap_area_1, sprint2_forest_area_1,
          sprint2_light_combat_area_1, sprint2_behind_water_1,
          sprint2_near_end_vault_1]

Skill      XL: |  1  2  3  4  5  6  7  8  9 10 |
---------------+-------------------------------+-----
Dodging        | 3 4 5 6 7 8 |  8.0
Stealth        | 4 5 |  5.0
Spellcasting   | 4 5 6 8 10 12 13 | 13.8
Conjurations   | 3 5 6 8 10 11 13 14 | 14.7
Fire Magic     | 4 5 6 7 8 10 | 10.9
Hexes          | 3 |  3.7
Invocations    | 5 |  5.9

Action                     |  1- 3 |  4- 6 |  7- 9 | 10-12 || total
---------------------------+-------+-------+-------+-------++-------
  Melee: Unarmed           |     3 |    11 |       |     6 ||    20
         Constrict         |     1 |     4 |       |       ||     5
         Tentacles         |       |     4 |       |       ||     4
         Dagger            |       |     2 |     5 |     2 ||     9
         Punch             |       |       |       |     1 ||     1
   Cast: Foxfire           |     2 |    11 |    18 |     7 ||    38
         Scorch            |       |     4 |    17 |    20 ||    41
         Volatile Blastmot |       |       |     2 |       ||     2
         Flame Wave        |       |       |     7 |     2 ||     9
         Inner Flame       |       |       |     2 |    12 ||    14
         Brom's Barrelling |       |       |       |     7 ||     7
         Summon Guardian G |       |       |       |     2 ||     2
         Call Canine Famil |       |       |       |     1 ||     1
 Invoke: Channel Magic     |       |       |       |     2 ||     2
    Use: Potion            |     1 |       |     6 |     8 ||    15
         Scroll            |       |       |     7 |     3 ||    10
   Stab: Sleeping          |       |       |       |     2 ||     2
 Armour: Skin              |     1 |     6 |    26 |    25 ||    58
  Dodge: Dodged            |     1 |    16 |    20 |    12 ||    49

Table legend: (Time is in decaauts)
 A = Elapsed time spent in this place.
 B = Non-inter-level travel time spent in this place.
 C = Inter-level travel time spent in this place.
 D = Time resting spent in this place.
 E = Time spent auto-exploring this place.
 F = Levels seen in this place.
 G = Mean time per level.
                   A        B        C        D        E       F      G
               +--------+--------+--------+--------+--------+-----+--------+
         Total |   2155 |   2155 |      0 |   1218 |      0 |   1 | 2155.0 |
       Dungeon |   2155 |   2155 |      0 |   1218 |      0 |   1 | 2155.0 |
               +--------+--------+--------+--------+--------+-----+--------+

Top non-repeatable levels by time:
       D: 2155 daAuts
